 Dungeon Crawl Stone Soup version 0.29-a0-1016-g236c7fd91e (webtiles) character file.

Game seed: 708531718223281627

184 ytrimaz the Chopper (level 5, -1/41 HPs)
             Began as a Demonspawn Fighter on Aug 9, 2022.
             Slain by a gnoll
             ... wielding a +0 spear
              (3 damage)
             ... on level 3 of the Dungeon.
             The game lasted 00:02:32 (3050 turns).

ytrimaz the Chopper (Demonspawn Fighter)            Turns: 3050, Time: 00:02:33

Health: -1/41      AC:  7    Str: 18    XL:     5   Next: 36%
Magic:  5/5        EV:  9    Int: 10    God:
Gold:   56         SH:  4    Dex: 12    Spells: 4/4 levels left

rFire   . . .      SeeInvis .   a - +0 war axe
rCold   . . .      Faith    .   c - +0 buckler
rNeg    . . .      Spirit   .   b - +0 scale mail
rPois   .          Reflect  .   (no helmet)
rElec   .          Harm     .   (no cloak)
rCorr   .          Rampage  .   e - +0 pair of gloves
Will    .....                   (no boots)
Stlth   ..........              (no amulet)
HPRegen 0.13/turn               (no ring)
MPRegen 0.09/turn               (no ring)

@: no status effects
A: ignite blood 1, weakness stinger 1
a: no special abilities


You were on level 3 of the Dungeon.
You visited 1 branch of the dungeon, and saw 3 of its levels.

You collected 56 gold pieces.

Inventory:

Hand Weapons
 a - a +0 war axe (weapon)
Armour
 b - a +0 scale mail (worn)
 c - a +0 buckler (worn)
 e - a +0 pair of gloves (worn)
 g - a scarf of harm
Scrolls
 f - 5 scrolls of poison
 l - 2 scrolls of enchant armour
Potions
 d - a potion of heal wounds
 i - 3 potions of curing
 k - a potion of ambrosia {unknown}


   Skills:
 - Level 3.0 Fighting
 + Level 5.2 Axes
 - Level 2.6 Armour
 - Level 2.6 Shields


You had 4 spell levels left.
You didn't know any spells.
Your spell library contained the following spells:

 Spells                   Type           Power      Damage    Failure   Level
 Slow                     Hex            0%         N/A       85%         1
 Confusing Touch          Hex            0%         N/A       99%         3
 Gell's Gravitas          Tloc           0%         N/A       99%         3
 Teleport Other           Tloc           0%         N/A       99%         3
 Vampiric Draining        Necr           0%         2d6       99%         3
 Dispersal                Tloc           0%         N/A       100%        6


Dungeon Overview and Level Annotations

Branches:
Dungeon (3/15)

Altars:


Innate Abilities, Weirdness & Mutations

Your demonic aura sometimes causes spilled blood to erupt in flames.
You have a small tail.


Message History

The jackal closely misses you. The jackal completely misses you.
You closely miss the jackal.
The jackal is lightly wounded.
The jackal bites you but does no damage.
The jackal misses you.
You slash the jackal!
You kill the jackal!
You barely miss the gnoll. You block the gnoll's attack.
The gnoll attacks as you move away! The gnoll barely misses you.
Unknown command.
Unknown command.
You barely miss the gnoll. You block the gnoll's attack.
You hit the gnoll.
The gnoll is lightly wounded.
The gnoll hits you but does no damage.
Unknown command.
The gnoll hits you with a +0 whip.
The gnoll hits you from afar with a +0 spear.
You block the gnoll's attack.
Unknown command.
You hit the gnoll.
The gnoll is moderately wounded.
You hit the gnoll but do no damage. The gnoll closely misses you.
The gnoll barely misses you. The gnoll misses you.
You closely miss the gnoll.
The gnoll is moderately wounded.
You hit the gnoll. The gnoll hits you with a +0 whip.
* * * LOW HITPOINT WARNING * * *
The gnoll closely misses you. The gnoll hits you with a +0 whip.
* * * LOW HITPOINT WARNING * * *
Unknown command.
You hit the gnoll.
Your tail-slap misses the gnoll.
The gnoll is heavily wounded.
You barely miss the gnoll. The gnoll hits you with a +0 whip.
* * * LOW HITPOINT WARNING * * *
The gnoll barely misses you. The gnoll hits you with a +0 whip!
* * * LOW HITPOINT WARNING * * *
The gnoll hits you but does no damage.
The gnoll hits you from afar with a +0 spear.
You die...

#)...# #..#
####.# #..##
#.# #...
#.###.##
####.##...###
#...#.......#
##.##.##...#.#
##...#.###g##
#.#......gg@.#
#......)†#####
.........#
##.......#
##......#
........#
.###......
#.##### ..


You could see 3 gnolls.

Vanquished Creatures
  An iguana (D:3)
  4 gnolls (D:2)
  5 adders
  2 worms (D:2)
  2 dart slugs
  An orc (D:3)
  4 ball pythons
  5 endoplasms
  A giant cockroach (D:2)
  7 hobgoblins
  9 jackals
  4 quokkas
  4 bats
  2 frilled lizards
  3 goblins (D:2)
  4 kobolds
  8 rats
  A spectral goblin (D:1)
67 creatures vanquished.

Notes
Turn   | Place    | Note
-------+----------+-------------------------------------------
     0 | D:1      | ytrimaz the Demonspawn Fighter began the quest for the Orb.
     0 | D:1      | Reached XP level 1. HP: 18/18 MP: 1/1
    83 | D:1      | Found a faded altar of an unknown god.
   150 | D:1      | Reached skill level 2 in Axes
   300 | D:1      | Discovered your monstrous ancestry.
   300 | D:1      | Gained mutation: You have a small tail. [demonic ancestry]
   300 | D:1      | Reached XP level 2. HP: 24/24 MP: 2/2
  1172 | D:2      | Reached skill level 3 in Axes
  1273 | D:2      | Reached XP level 3. HP: 24/29 MP: 3/3
  1531 | D:2      | Reached skill level 4 in Axes
  1531 | D:2      | Reached XP level 4. HP: 23/35 MP: 4/4
  2676 | D:3      | Gained mutation: Your demonic aura sometimes causes spilled
                  | blood to erupt in flames. [demonic ancestry]
  2676 | D:3      | Reached XP level 5. HP: 39/41 MP: 5/5
  2837 | D:3      | Reached skill level 5 in Axes
  3050 | D:3      | HP: 2/41 [gnoll/+0 whip (7)]
  3050 | D:3      | Slain by a gnoll

Illustrated notes

Levels and vault maps discovered:
D:1:      psy_arrival_radial01, layout_loops_ring,
          dreamdust_ecumenical_altar_drowned_temple
D:2:      layout_loops_ring, minmay_between
D:3:      layout_loops_ring, uniq_natasha

Skill      XL: |  1  2  3  4  5 |
---------------+----------------+-----
Axes           | 2 3 4 5 |  5.2
Fighting       | |  3.0
Armour         | |  2.6
Shields        | |  2.6

Action                   |  1- 3 |  4- 6 || total
-------------------------+-------+-------++-------
Melee: War axe           |    85 |    90 ||   175
       Tailslap          |     7 |     6 ||    13
  Use: Scroll            |     2 |     5 ||     7
       Potion            |     1 |       ||     1
Armor: Scale mail        |    59 |    49 ||   108
Dodge: Dodged            |    47 |    47 ||    94
Block: Buckler           |    26 |    28 ||    54

Table legend: (Time is in decaauts)
 A = Elapsed time spent in this place.
 B = Non-inter-level travel time spent in this place.
 C = Inter-level travel time spent in this place.
 D = Time resting spent in this place.
 E = Time spent auto-exploring this place.
 F = Levels seen in this place.
 G = Mean time per level.
                   A        B        C        D        E       F      G
               +--------+--------+--------+--------+--------+-----+--------+
         Total |   3123 |   3069 |     54 |    221 |   2300 |   3 | 1041.0 |
       Dungeon |   3123 |   3069 |     54 |    221 |   2300 |   3 | 1041.0 |
               +--------+--------+--------+--------+--------+-----+--------+

Top non-repeatable levels by time:
     D:2: 1584 daAuts
     D:1: 1146 daAuts
     D:3: 392 daAuts
